 Dungeon Crawl Stone Soup version 0.22.1-2-g9c5b331383 (webtiles) character file.

58 McIrco the Covert (level 3, -5/27 HPs)
             Began as a Vampire Assassin on Jan 5, 2019.
             Slain by a gnoll
             ... wielding a +0 club
              (9 damage)
             ... on level 2 of the Dungeon.
             The game lasted 00:01:55 (758 turns).

McIrco the Covert (Vampire Assassin)                 Turns: 758, Time: 00:01:56

Health: -5/27      AC:  3    Str: 11    XL:     3   Next: 76%
Magic:  3/3        EV: 12    Int: 13    God:
Gold:   51         SH:  0    Dex: 15    Spells: 2/2 levels left

rFire    . . .     SeeInvis +   h - +2 dagger (venom)
rCold    . . .     Gourm    .   (no shield)
rNeg     + . .     Faith    .   c - +0 robe
rPois    .         Spirit   .   (no helmet)
rElec    .         Reflect  .   d - +0 cloak
rCorr    .         Harm     .   (no gloves)
MR       .....                  (no boots)
Stlth    ++++......             (no amulet)
HPRegen  0.09/turn              (no ring)
MPRegen  0.08/turn              (no ring)

@: no status effects
A: fangs 3, see invisible, unbreathing
a: Bat Form


You were on level 2 of the Dungeon.
You were not thirsty.

You visited 1 branch of the dungeon, and saw 2 of its levels.

You collected 51 gold pieces.

Inventory:

Hand Weapons
 a - a +2 dagger
 b - a +0 blowgun
 h - a +2 dagger of venom (weapon)
 t - a +0 dagger of venom
Missiles
 e - 8 poisoned needles
 f - 2 curare-tipped needles
Armour
 c - a +0 robe (worn)
 d - a +0 cloak (worn)
 k - a +0 buckler
Scrolls
 i - a scroll of enchant weapon {unknown}
 j - 5 scrolls of identify {unknown}
 l - a scroll of fog {unknown}
 o - a scroll of amnesia {unknown}
 q - 2 scrolls of teleportation {unknown}
 s - a scroll of remove curse {unknown}
Potions
 g - a potion of blood
 m - 3 potions of degeneration {unknown}
 n - 2 potions of resistance {unknown}
 p - a potion of invisibility {unknown}
 r - a potion of heal wounds {unknown}


   Skills:
 - Level 1.7 Fighting
 - Level 2.1 Short Blades
 - Level 1.5 Throwing
 + Level 1.2 Dodging
 * Level 8.3 Stealth


You had 2 spell levels left.
You didn't know any spells.
Your spell library was empty.

Dungeon Overview and Level Annotations

Branches:
Dungeon (2/15)

Altars:


Innate Abilities, Weirdness & Mutations

You have razor-sharp teeth.
You have supernaturally acute eyesight. (SInv)
You can survive without breathing.


Message History

You are too injured to fight recklessly!
You are too injured to fight recklessly!
You are too injured to fight recklessly!
You hit the gnoll.
The gnoll looks as sick as possible!
The gnoll is severely wounded.
The gnoll hits you but does no damage. The gnoll hits you with a club.
* * * LOW HITPOINT WARNING * * *
The gnoll hits you from afar with a spear.
* * * LOW HITPOINT WARNING * * *
You feel a bit more experienced.
You hit the gnoll.
The gnoll is moderately wounded.
You closely miss the gnoll.
The gnoll is moderately wounded.
The gnoll hits you with a club.
* * * LOW HITPOINT WARNING * * *
You barely miss the gnoll.
The gnoll is moderately wounded.
The gnoll hits you with a club!
You die...

#.# #.##.# #.#
##..#.# ##.## #..%..#
#.#.# #..#### ##.##
#..# #.######..#
#.........####
#..###.<.....# #.@#
#.......#
###.g###.......######
#.....##...........).
#.###.##g............
#.# #..)...........#.
#.###.##...........#.
#.....######%......##
####.## #.#.......#
#.# ##.#........#.


You could see a gnoll.

Vanquished Creatures
  3 gnolls (D:2)
  An adder (D:2)
  4 leopard geckos
  A giant cockroach (D:1)
  2 goblins (D:1)
  3 hobgoblins (D:2)
  2 kobolds
  A bat (D:2)
  2 frilled lizards (D:1)
  A rat (D:1)
20 creatures vanquished.

Notes
Turn   | Place    | Note
-------+----------+-------------------------------------------
     0 | D:1      | McIrco the Vampire Assassin began the quest for the Orb.
     0 | D:1      | Reached XP level 1. HP: 16/16 MP: 1/1
    18 | D:1      | Reached skill level 6 in Stealth
   241 | D:1      | Reached XP level 2. HP: 9/22 MP: 2/2
   616 | D:2      | Reached skill level 7 in Stealth
   715 | D:2      | Reached XP level 3. HP: 27/27 MP: 3/3
   747 | D:2      | Reached skill level 8 in Stealth
   758 | D:2      | Slain by a gnoll

Skill      XL: |  1  2  3 |
---------------+----------+-----
Stealth        | 6 7 8 |  8.3
Fighting       | |  1.7
Short Blades   | |  2.1
Throwing       | |  1.5
Dodging        | |  1.2

Action                   || total
-------------------------++-------
Melee: Dagger            ||    46
       Bite              ||     5
 Stab: Sleeping          ||     9
Armor: Robe              ||     5
Dodge: Dodged            ||    20
